 Dungeon Crawl Stone Soup version 0.30.1-3-gfc49f6343a (webtiles) character file.

Game seed: 10707756230638185123

32 Arctor the Sneak (level 3, 0/21 HPs)
             Began as an Octopode Fire Elementalist on Aug 3, 2023.
             Succumbed to an adder's poison
             ... on level 2 of the Dungeon.
             The game lasted 00:03:11 (1025 turns).

Arctor the Sneak (Octopode Fire Elementalist)       Turns: 1025, Time: 00:03:11

Health: 0/21       AC:  1    Str:  7    XL:     3   Next: 27%
Magic:  5/6        EV: 13    Int: 19    God:
Gold:   46         SH:  0    Dex: 12    Spells: 5/6 levels left

rFire   . . .        (no weapon)
rCold   . . .        (no shield)
rNeg    . . .        (helmet restricted)
rPois   .            (no amulet)
rElec   .            (no ring)
rCorr   .            (no ring)
SInv    .            (no ring)
Will    .....        (no ring)
Stlth   +++          (no ring)
HPRegen 0.23/turn    (no ring)
MPRegen 0.10/turn    (no ring)
                     (no ring)

%: no passive effects
@: lethally poisoned (0 -> -10)
A: almost no armour, amphibious, 8 rings, camouflage 1, gelatinous body 1,
(nimble swimmer 1), tentacles
a: no special abilities


You were on level 2 of the Dungeon.
You visited 1 branch of the dungeon, and saw 2 of its levels.

You collected 46 gold pieces.

Inventory:

Scrolls
 c - a scroll of teleportation
 d - a scroll of blinking {unknown}
 e - a scroll of magic mapping
 f - a scroll of immolation
Potions
 a - a potion of magic
 b - a potion of lignification {unknown}
 g - 2 potions of heal wounds {unknown}


   Skills:
 + Level 2.3 Dodging
 + Level 3.3 Stealth
 + Level 2.3 Spellcasting
 + Level 1.5 Conjurations
 + Level 3.2 Fire Magic


You had 5 spell levels left.
You knew the following spells:

 Your Spells              Type           Power      Damage    Failure   Level
a - Foxfire               Conj/Fire      44%        2x1d6     6%          1

Your spell library contained the following spells:

 Spells                   Type           Power      Damage    Failure   Level
 Scorch                   Fire           28%        2d6       6%          2
 Inner Flame              Hex/Fire       8%         N/A       26%         3
 Volatile Blastmotes      Fire/Tloc      16%        2d11      26%         3
 Flame Wave               Conj/Fire      11%        2d6       52%         4


Dungeon Overview and Level Annotations

Branches:
Dungeon (2/15)

Altars:
Lugonu

Portals:
Abyss: D:1

Annotations:
D:1 2 runed translucent doors


Innate Abilities, Weirdness & Mutations

You cannot wear most types of armour.
You are amphibious.
You can wear up to eight rings at the same time.
Your skin changes colour to match your surroundings (Stealth+).
Your rubbery body absorbs attacks. (AC +1, EV +1)
((You are camouflaged when in or above water. (Stealth+)))
You have tentacles for arms and can constrict up to eight enemies at once.


Message History

An adder comes into view.
The helpless rat fails to defend itself.
You tentacle-slap the rat. You grab the rat.
The rat is severely wounded.
You constrict the rat, but do no damage.
The rat barely misses you. The adder bites you.
You tentacle-slap the rat.
You kill the rat!
The adder bites you.
You miss the adder. Your grab misses the adder. The adder bites you.
You barely miss the adder. You grab the adder. You constrict the adder.
The adder bites you.
You tentacle-slap the adder but do no damage.
The adder is lightly wounded.
You constrict the adder. The adder bites you. x2
You are poisoned.
The adder poisons you!
You are too injured to fight recklessly!
You are too injured to fight recklessly!
You are too injured to fight recklessly!
Casting: Foxfire (safe; 6% risk of failure)
Confirm with . or Enter, or press ? or * to list all spells.
You conjure some foxfire!
You constrict the adder.
* * * LOW HITPOINT WARNING * * *
You feel sick. The adder closely misses you.
Unknown command.
You constrict the adder.
* * * LOW HITPOINT WARNING * * *
You feel sick.
The foxfire hits the adder.
The adder is almost dead.
The adder bites you.
* * * LOW HITPOINT WARNING * * *
You are more poisoned.
The adder poisons you!
Unknown command.
You barely miss the adder.
The adder is almost dead.
You constrict the adder.
You kill the adder!
You die...

#†##.## #......
####.## # ###
#.# #. ..# #.#
#.#####.#
######.#
#.#.......#
#......#
#......##.#
#.######
#.)#@##.#####.#
#...v§........#
##.####.#######
#......#
########


There were no monsters in sight!

Vanquished Creatures
  2 adders (D:2)
  2 bats (D:1)
  An endoplasm (D:2)
  4 goblins
  3 hobgoblins
  3 jackals (D:1)
  A kobold (D:1)
  A quokka (D:2)
  2 ball pythons (D:1)
  3 rats
22 creatures vanquished.

Vanquished Creatures (others)
  23 foxfires
23 creatures vanquished.

Grand Total: 45 creatures vanquished

Notes
Turn   | Place    | Note
-------+----------+-------------------------------------------
     0 | D:1      | Arctor the Octopode Fire Elementalist began the quest for
                  | the Orb.
     0 | D:1      | Reached XP level 1. HP: 11/11 MP: 3/3
   151 | D:1      | Found a large runed translucent door.
   151 | D:1      | Found a large runed translucent door.
   151 | D:1      | Found a corrupted altar of Lugonu.
   151 | D:1      | Noticed a crimson imp
   153 | D:1      | Found a one-way gate to the infinite horrors of the Abyss.
   153 | D:1      | Noticed an iron imp
   153 | D:1      | Noticed an iron imp
   154 | D:1      | Noticed an iron imp
   158 | D:1      | Noticed an iron imp
   273 | D:1      | Reached XP level 2. HP: 17/17 MP: 5/5
   936 | D:2      | Reached XP level 3. HP: 18/21 MP: 6/6
  1025 | D:2      | Succumbed to an adder's poison

Illustrated notes

Levels and vault maps discovered:
D:1:      erik_arrival_cave_to_civilisation [erik_arrival_cave_to_temple],
          layout_basic
D:2:      layout_loops_cross, serial_park_tiny_1

Skill      XL: |  1  2 |
---------------+-------+-----
Stealth        | 3 |  3.3
Dodging        | |  2.3
Spellcasting   | |  2.3
Conjurations   | |  1.5
Fire Magic     | |  3.2

Action                     || total
---------------------------++-------
  Melee: Unarmed           ||    42
         Constrict         ||    15
         Punch             ||     1
         Tentacles         ||     9
   Cast: Foxfire           ||    14
    Use: Scroll            ||     4
   Stab: Sleeping          ||     8
 Armour: Skin              ||     4
  Dodge: Dodged            ||    24
